 Dungeon Crawl Stone Soup version 0.30.1-11-g7821555f0a (webtiles) character file.

Game seed: 4198717082848753973

67 Jessie937 the Chopper (level 3, 0/34 HPs)
             Began as a Minotaur Berserker on Nov 8, 2023.
             Was a Follower of Trog.
             Succumbed to a scorpion's poison
             ... on level 3 of the Dungeon.
             The game lasted 00:09:09 (983 turns).

Jessie937 the Chopper (Minotaur Berserker)           Turns: 983, Time: 00:09:10

Health: 0/34       AC:  7    Str: 23    XL:     3   Next: 98%
Magic:  2/2        EV: 16    Int:  4    God:    Trog [*.....]
Gold:   65         SH:  0    Dex:  9    Spells: 2/2 levels left

rFire   . . .        a - +0 hand axe
rCold   . . .        (no shield)
rNeg    . . .        e - +0 ring mail
rPois   .            (helmet restricted)
rElec   .            d - +0 cloak
rCorr   .            (no gloves)
SInv    +            c - +0 pair of boots {Fly}
Will    .....        (no amulet) Stlth
                     i - +5 ring of evasion
HPRegen 0.25/turn    k - ring of see invisible
MPRegen 0.08/turn

%: no passive effects
@: lethally poisoned (0 -> -5), flying
A: horns 2, retaliatory headbutt
a: Renounce Religion, Berserk


You were on level 3 of the Dungeon.
You worshipped Trog.
Trog was aware of your devotion.
You visited 1 branch of the dungeon, and saw 3 of its levels.

You collected 65 gold pieces.

Inventory:

Hand Weapons
 a - a +0 hand axe (weapon)
Armour
 b - a +0 animal skin
 c - a +0 pair of boots of flying (worn)
 d - a +0 cloak (worn)
 e - a +0 ring mail (worn)
Jewellery
 i - a +5 ring of evasion (left hand)
 k - a ring of see invisible (right hand)
 m - a +4 ring of protection
Scrolls
 f - a scroll of poison {unknown}
 g - a scroll of enchant weapon {unknown}
 j - 2 scrolls of identify
 o - a scroll of enchant armour {unknown}
Potions
 h - a potion of curing
 l - a potion of degeneration {unknown}
 n - a potion of cancellation {unknown}
 p - a potion of haste {unknown}


   Skills:
 + Level 4.4 Fighting
 + Level 4.8 Axes
 + Level 2.8 Armour
 + Level 2.5 Dodging


You had 2 spell levels left.
You didn't know any spells.
Your spell library was empty.

Dungeon Overview and Level Annotations

Branches:
Dungeon (3/15)

Altars:
Fedhas
Gozag

Shops:
D:1 =


Innate Abilities, Weirdness & Mutations

You have a pair of horns on your head.
You reflexively headbutt those who attack you in melee.


Message History

Found 7 stones.
The scorpion barely misses you.
You hit the scorpion. Your headbutt misses the scorpion.
The scorpion is moderately wounded.
The scorpion stings you but does no damage.
The scorpion stings you.
You are poisoned.
The scorpion poisons you!
You barely miss the scorpion.
The scorpion is moderately wounded.
You feel very sick.
The scorpion stings you but does no damage.
You closely miss the scorpion.
The scorpion is moderately wounded.
You feel sick. The scorpion stings you.
You closely miss the scorpion.
You headbutt the scorpion, but do no damage.
The scorpion is moderately wounded.
You feel sick. The scorpion stings you.
You are more poisoned.
The scorpion poisons you!
Okay, then.
You hit the scorpion.
The scorpion is heavily wounded.
You feel very sick. The scorpion stings you.
* * * LOW HITPOINT WARNING * * *
The scorpion stings you.
* * * LOW HITPOINT WARNING * * *
* * * LOW HITPOINT WARNING * * *
You feel very sick.
The scorpion stings you but does no damage.
* * * LOW HITPOINT WARNING * * *
You feel sick.
* * * LOW HITPOINT WARNING * * *
You feel sick.
* * * LOW HITPOINT WARNING * * *
You feel sick. The scorpion closely misses you.
The scorpion attacks as you move away! The scorpion closely misses you.
You die...

#.........# #.........#
### #.........# ...#
#.........# ...#
######.........# ....#
...............###....#
......................#
..............s.@.....#
.##.........#.##.#....#
.##.......#...##......#
.##.......####>.##....#
..........# .(# ..###
.........## ##.. .#
........... .# ..
..†......## # ##
#........#


You could see a scorpion.

Vanquished Creatures
  Jessica (D:3)
  An adder (D:3)
  2 dart slugs
  A ball python (D:3)
  A bat (D:1)
  2 endoplasms (D:1)
  4 goblins
  3 hobgoblins
  4 jackals (D:1)
  A kobold (D:1)
  A quokka (D:1)
  2 frilled lizards
  2 rats
25 creatures vanquished.

Notes
Turn   | Place    | Note
-------+----------+-------------------------------------------
     0 | D:1      | Jessie937 the Minotaur Berserker began the quest for the
                  | Orb.
     0 | D:1      | Reached XP level 1. HP: 19/19 MP: 0/0
   306 | D:1      | Reached XP level 2. HP: 27/27 MP: 1/1
   337 | D:1      | Found Nibasaso's Jewellery Shoppe.
   680 | D:3      | Found an opulent altar of Gozag.
   695 | D:3      | Noticed Jessica
   698 | D:3      | Reached XP level 3. HP: 33/33 MP: 2/2
   706 | D:3      | Killed Jessica
   762 | D:3      | Found a blossoming altar of Fedhas.
   970 | D:3      | Noticed a scorpion
   983 | D:3      | Succumbed to a scorpion's poison

Illustrated notes

Levels and vault maps discovered:
D:1:      evilmike_arrival_home_sweet_home, layout_basic,
          ebering_ecumenical_altar_rust, serial_shops, nicolae_shop_stone,
          chequers_serial_rivers_micro_d
D:2:      layout_basic, basic_altar, chequers_serial_rivers_micro_e,
          uniq_natasha, uniq_crazy_yiuf_cottage
D:3:      layout_basic, mainiacjoe_overflow_six_doors_small, fedhas_altar_4,
          mainiacjoe_overflow_alcove_4, mainiacjoe_overflow_alcove_1,
          st_stairs_7, minivault_19, minmay_snake_closets, uniq_jessica

Skill      XL: |  1  2 |
---------------+-------+-----
Axes           | 4 |  4.8
Fighting       | 4 |  4.4
Armour         | |  2.8
Dodging        | |  2.5

Action                     || total
---------------------------++-------
  Melee: Hand axe          ||    54
         Headbutt          ||     8
    Use: Scroll            ||     3
 Armour: Animal skin       ||    11
         Ring mail         ||     5
  Dodge: Dodged            ||    39
